[Event "Titled Tuesday Blitz March 15 Early 2022"]
[White "Gareyev, Timur"]
[Black "Arabidze, Meri"]
[WhiteFideId "14200937"]
[BlackFideId "13604040"]
[WhiteElo "2582"]
[BlackElo "2335"]
[Result "1/2-1/2"]
[Round "04"]
[TimeControl "180+1"]
[Date "2022.03.15"]
[WhiteClock "0:00:31"]
[BlackClock "0:00:10"]

1. d4 f5 2. h4 Nf6 3. Bg5 d5 4. e3 c6 5. Nd2 Be6 6. Ne2 Nbd7 7. c4 Bf7 8. cxd5 cxd5 9. Nc3 e6 10. Rc1 a6 11. h5 h6 12. Bf4 b5 13. Be2 Be7 14. a3 O-O 15. b4 Nb6 16. Nb3 Nc4 17. Nc5 Nxa3 18. O-O Nc4 19. Ra1 Qe8 20. Rxa6 Rxa6 21. Nxa6 Bxh5 22. Nc7 Bxe2 23. Qxe2 Qc6 24. N3xb5 Bxb4 25. Rc1 Ba5 26. Qa2 Bxc7 27. Nxc7 g5 28. Be5 Ng4 29. Bg3 f4 30. exf4 gxf4 31. Qe2 Qxc7 32. Qxg4+ Kh7 33. Bh2 Qf7 34. Re1 f3 35. Rxe6 fxg2 36. Bf4 Qxf4 37. Qg6+ Kh8 38. Re7 Qc1+ 39. Kxg2 Qg5+ 40. Qxg5 hxg5 41. Rd7 Nd2 42. Rxd5 Ne4 43. f3 Nd2 44. Rxg5 Nxf3 45. Rh5+ Kg7 46. d5 Nd4 47. d6 Ne6 48. Rd5 Kf6 49. Rd2 Nd8 50. Rf2+ Kg7 51. Rxf8 Kxf8 52. d7 Ke7 53. Kf3 Kxd7 1/2-1/2


[Site "https://www.chess.com"]

[Event "Titled Tuesday Blitz March 15 Early 2022"]
[White "Gatterer, Florian"]
[Black "Gulecyuz, Deniz"]
[WhiteFideId "811688"]
[BlackFideId "30921341"]
[WhiteElo "2218"]
[BlackElo "1923"]
[Result "1-0"]
[Round "04"]
[TimeControl "180+1"]
[Date "2022.03.15"]
[WhiteClock "0:00:51"]
[BlackClock "0:00:05"]

1. b3 Nf6 2. Bb2 e6 3. Nf3 d5 4. g3 c5 5. Bg2 Nc6 6. d3 Bd6 7. Nbd2 O-O 8. e4 Bc7 9. O-O b5 10. a4 bxa4 11. Rxa4 Rb8 12. Qa1 a5 13. Ne5 Nxe5 14. Bxe5 Bxe5 15. Qxe5 Bd7 16. Ra2 Bc6 17. Rfa1 Ra8 18. Qc3 a4 19. Qxc5 axb3 20. Nxb3 Rxa2 21. Rxa2 Ba8 22. exd5 Nxd5 23. h3 Qc8 24. Qxc8 Rxc8 25. Nd4 Bb7 26. Ra7 Ba8 27. c4 Nc7 28. Rxc7 Rxc7 29. Bxa8 Rd7 30. Nb5 Rxd3 31. c5 Rd1+ 32. Kg2 Rc1 33. c6 Kf8 34. c7 Ke7 35. Bb7 Kd7 36. c8=Q+ Rxc8 37. Bxc8+ Kxc8 38. Kf3 Kd7 39. Ke4 Ke7 40. f4 Kf6 41. g4 g6 42. g5+ Kg7 43. Ke5 h6 44. h4 hxg5 45. hxg5 1-0


[Site "https://www.chess.com"]

[Event "Titled Tuesday Blitz March 15 Early 2022"]
[White "Golubev, Mikhail"]
[Black "Szpar, Milosz"]
[WhiteFideId "14100983"]
[BlackFideId "1184989"]
[WhiteElo "2374"]
[BlackElo "2447"]
[Result "1-0"]
[Round "04"]
[TimeControl "180+1"]
[Date "2022.03.15"]
[WhiteClock "0:00:14"]
[BlackClock "0:00:02"]

1. e4 c5 2. Nf3 d6 3. d4 cxd4 4. Nxd4 Nf6 5. Nc3 Nc6 6. Bc4 e6 7. Be3 a6 8. Bb3 Qc7 9. Qe2 Na5 10. g4 b5 11. g5 Nd7 12. Nxe6 fxe6 13. Bxe6 Nb6 14. Bxb6 Qxb6 15. Nd5 Qb7 16. Qg4 Nc6 17. O-O-O Ne5 18. Qh3 Nd7 19. f4 Nc5 20. f5 Bxe6 21. fxe6 Be7 22. e5 dxe5 23. Nf6+ Bxf6 24. gxf6 O-O 25. e7 Rfe8 26. Rhg1 Rxe7 27. fxe7 Qxe7 28. Qg2 Rc8 29. Qd5+ Kh8 30. Rge1 e4 31. Kb1 b4 32. Qd6 Qh4 33. Rf1 Kg8 34. Qd5+ Kh8 35. Qf5 Re8 36. Qxc5 h6 37. Rf8+ Rxf8 38. Qxf8+ Kh7 39. Qf5+ g6 40. Qf7+ Kh8 41. Rf1 e3 42. Qf8+ 1-0


[Site "https://www.chess.com"]

[Event "Titled Tuesday Blitz March 15 Early 2022"]
[White "Guseva, Marina"]
[Black "Horobetz, Graham"]
[WhiteFideId "4149351"]
[BlackFideId "2047322"]
[WhiteElo "2160"]
[BlackElo "2596"]
[Result "1-0"]
[Round "04"]
[TimeControl "180+1"]
[Date "2022.03.15"]
[WhiteClock "0:00:23"]
[BlackClock "0:00:08"]

1. d4 Nf6 2. Nf3 e6 3. Bf4 d5 4. e3 c5 5. Nbd2 Nc6 6. c3 Bd6 7. Bg3 O-O 8. Bd3 b6 9. Qe2 Bb7 10. e4 Be7 11. e5 Nh5 12. h4 cxd4 13. Nxd4 g6 14. Bh2 Nxd4 15. cxd4 Bxh4 16. g4 Ng7 17. O-O-O a5 18. Kb1 f6 19. exf6 Qxf6 20. Rdf1 Qe7 21. Be5 Bf6 22. Nf3 Bxe5 23. Nxe5 Rf4 24. Bxg6 Qf6 25. Bxh7+ Kh8 26. Ng6+ 1-0


[Site "https://www.chess.com"]

[Event "Titled Tuesday Blitz March 15 Early 2022"]
[White "Hamitevici, Vladimir"]
[Black "Harikrishna, Pentala"]
[WhiteFideId "13902393"]
[BlackFideId "5007003"]
[WhiteElo "2359"]
[BlackElo "2574"]
[Result "0-1"]
[Round "04"]
[TimeControl "180+1"]
[Date "2022.03.15"]
[WhiteClock "0:00:05"]
[BlackClock "0:01:01"]

1. Nf3 d5 2. g3 c6 3. Bg2 Bg4 4. h3 Bh5 5. b3 Nd7 6. Bb2 e6 7. d4 Ngf6 8. Nbd2 Bd6 9. O-O O-O 10. c4 Qe7 11. Rc1 Rad8 12. Re1 Ne4 13. e3 f5 14. Qc2 Ndf6 15. c5 Bc7 16. a3 g5 17. Ne5 Nxd2 18. Qxd2 Ne4 19. Qc2 Bg6 20. Qd1 Bxe5 21. dxe5 f4 22. exf4 gxf4 23. g4 f3 24. Bxf3 Qf7 25. Re3 Ng5 26. Kg2 Nxf3 27. Rxf3 Be4 28. Rc3 d4 29. Rd3 Bxf3+ 30. Qxf3 Qxf3+ 31. Rxf3 Rxf3 32. Kxf3 d3 0-1


[Site "https://www.chess.com"]

[Event "Titled Tuesday Blitz March 15 Early 2022"]
[White "Hansen, Soren Bech"]
[Black "Marson, Juan Miguel"]
[WhiteFideId "1400681"]
[BlackFideId "106585"]
[WhiteElo "2238"]
[BlackElo "2053"]
[Result "0-1"]
[Round "04"]
[TimeControl "180+1"]
[Date "2022.03.15"]
[WhiteClock "0:00:03"]
[BlackClock "0:00:09"]

1. e4 e5 2. Bc4 Nf6 3. d3 Nc6 4. Nf3 Be7 5. O-O O-O 6. a4 d6 7. c3 Kh8 8. Re1 Ng8 9. d4 f5 10. dxe5 fxe4 11. Rxe4 Rxf3 12. Qxf3 d5 13. Bd3 dxe4 14. Qxe4 g6 15. Qe2 Bg4 16. f3 Bc5+ 17. Kh1 Be6 18. Bf4 Nge7 19. Nd2 Nd5 20. Bg3 Bf8 21. Ne4 Qe7 22. Rf1 Bg7 23. f4 Rf8 24. Ng5 Nxe5 25. Nxe6 Nxd3 26. f5 gxf5 27. Qxd3 Qxe6 28. c4 Ne3 29. Re1 f4 30. Bh4 Qxc4 31. Rxe3 Qc1+ 32. Re1 Qxb2 33. h3 Qb4 34. Rf1 f3 35. Rxf3 Qxh4 36. Rxf8+ Bxf8 37. Qc3+ Kg8 38. Qb3+ Kg7 0-1


[Site "https://www.chess.com"]

[Event "Titled Tuesday Blitz March 15 Early 2022"]
[White "Hoffmann, Asa"]
[Black "Perez Leiva, Jerzy Jesus"]
[WhiteFideId "2001470"]
[BlackFideId "3524337"]
[WhiteElo "2117"]
[BlackElo "2261"]
[Result "0-1"]
[Round "04"]
[TimeControl "180+1"]
[Date "2022.03.15"]
[WhiteClock "0:00:20"]
[BlackClock "0:00:13"]

1. d4 Nf6 2. Bg5 d5 3. Nd2 Nbd7 4. e3 h6 5. Bh4 g6 6. f4 c5 7. c3 Qb6 8. Qb3 c4 9. Qc2 g5 10. fxg5 hxg5 11. Bxg5 Bh6 12. Bxh6 Rxh6 13. Ngf3 Ng4 14. Ke2 Qe6 15. e4 Ndf6 16. e5 Nh5 17. b3 Nf4+ 18. Ke1 Ne3 19. Qc1 Nexg2+ 20. Kf2 Rg6 21. bxc4 dxc4 22. Bxc4 Qh3 23. Rg1 Bf5 24. Bb5+ Kf8 25. Qa3 Bd3 26. Qb4 a5 27. Qc5 Bxb5 28. Qxb5 Rc8 29. c4 Nd3+ 30. Ke2 Ngf4+ 31. Kd1 Rxg1+ 32. Nxg1 Qe3 33. Kc2 Nb4+ 34. Kc1 Qc3+ 35. Kd1 Qxa1+ 0-1


[Site "https://www.chess.com"]

[Event "Titled Tuesday Blitz March 15 Early 2022"]
[White "Horcajuelo Rocamora, Martin"]
[Black "Samunenkov, Ihor"]
[WhiteFideId "24573027"]
[BlackFideId "14187086"]
[WhiteElo "1706"]
[BlackElo "2409"]
[Result "1-0"]
[Round "04"]
[TimeControl "180+1"]
[Date "2022.03.15"]
[WhiteClock "0:00:18"]
[BlackClock "0:00:02"]

1. e4 c6 2. d4 d5 3. exd5 cxd5 4. Bd3 Nc6 5. c3 Qc7 6. Qf3 Nxd4 7. Qxd5 e5 8. Bf4 exf4 9. Qxd4 Nf6 10. Ne2 f3 11. Qe3+ Be7 12. Qxf3 O-O 13. O-O Bg4 14. Qg3 Bd6 15. Qh4 Rfe8 16. Nd4 Re5 17. Nb5 Qb6 18. Nxd6 Qxd6 19. Bxh7+ Kf8 20. Bc2 Rh5 21. Qg3 Qxg3 22. fxg3 Re5 23. Na3 b5 24. Rfe1 Rc5 25. Bd1 Be6 26. Bf3 Rb8 27. Nc2 a5 28. Nd4 Bd7 29. a3 b4 30. axb4 axb4 31. Ne2 bxc3 32. bxc3 g6 33. Rab1 Rbc8 34. Rb7 Bb5 35. Nd4 Bd3 36. Ree7 Bc4 37. Ra7 Ng8 38. Reb7 Nh6 39. h3 Bd3 40. g4 g5 41. Be2 1-0


[Site "https://www.chess.com"]

[Event "Titled Tuesday Blitz March 15 Early 2022"]
[White "Ismayil, Malak"]
[Black "Manukyan, Artyom"]
[WhiteFideId "13412604"]
[BlackFideId "13305786"]
[WhiteElo "1879"]
[BlackElo "2034"]
[Result "1-0"]
[Round "04"]
[TimeControl "180+1"]
[Date "2022.03.15"]
[WhiteClock "0:00:05"]
[BlackClock "0:00:07"]

1. e4 c5 2. Nf3 d6 3. d4 cxd4 4. Nxd4 Nf6 5. Nc3 g6 6. Bc4 Bg7 7. O-O O-O 8. Bg5 Nc6 9. Nxc6 bxc6 10. h3 Qa5 11. Qd2 Be6 12. Bb3 Kh8 13. Rfe1 Rad8 14. Rad1 Rd7 15. f4 Bxb3 16. axb3 Nh5 17. Qe3 c5 18. e5 dxe5 19. Rxd7 exf4 20. Qf3 c4 21. Bxe7 Re8 22. bxc4 Qb6+ 23. c5 Qxb2 24. Nd5 Qxc2 25. Qf2 Qc4 26. Qe2 Bd4+ 27. Kh2 Qb3 28. Qf3 Qb5 29. Rxa7 Qb2 30. Nxf4 Be5 31. Rxe5 Qxe5 32. Bd6 Qf5 33. Nxh5 Qxf3 34. gxf3 gxh5 35. Rxf7 Kg8 36. Rf5 Kg7 37. Rxh5 Kg6 38. Rd5 Re2+ 39. Kg3 Rc2 40. Re5 h5 41. h4 Rc3 42. Rg5+ Kh6 43. Rg8 Kh7 44. Rg5 Kh6 45. Bf4 Rc2 46. Re5+ Kg6 47. Re6+ Kh7 48. c6 Kg7 49. Re7+ Kf6 50. Rc7 Kf5 51. Rc8 Ke6 52. c7 Kf5 53. Rf8+ Kg6 54. c8=Q Rg2+ 55. Kxg2 Kg7 56. Rg8+ Kh7 57. Rh8+ Kg7 58. Qf8+ Kg6 59. Rh6# 1-0


[Site "https://www.chess.com"]

[Event "Titled Tuesday Blitz March 15 Early 2022"]
[White "Istvanovszki, Martin"]
[Black "San, Thit Lwin"]
[WhiteFideId "726958"]
[BlackFideId "13001272"]
[WhiteElo "2345"]
[BlackElo "2232"]
[Result "1-0"]
[Round "04"]
[TimeControl "180+1"]
[Date "2022.03.15"]
[WhiteClock "0:00:22"]
[BlackClock "0:00:02"]

1. e4 Nf6 2. Nc3 d5 3. e5 Nfd7 4. f4 e6 5. g3 c5 6. Bg2 Nc6 7. Nf3 Be7 8. O-O O-O 9. d3 f5 10. Qe2 a6 11. Nd1 b5 12. c4 bxc4 13. dxc4 d4 14. Nf2 Rb8 15. b3 Bb7 16. Nd3 a5 17. Ba3 Qb6 18. Rab1 Nb4 19. Nfe1 Rbd8 20. Bxb7 Qxb7 21. Qg2 Qe4 22. Bxb4 axb4 23. Rb2 Ra8 24. Re2 Qxg2+ 25. Kxg2 Ra5 26. Kf3 Rfa8 27. Rff2 Kf7 28. h3 h6 29. g4 g6 30. Ng2 Nb8 31. Rc2 Nc6 32. Kg3 Rg8 33. Kf3 Bd8 34. Nge1 Be7 35. Rg2 Raa8 36. Ke2 Ra5 37. Nf3 Nd8 38. Kd1 Nc6 39. Kc1 Raa8 40. Rg1 Rh8 41. Rcg2 Rag8 42. Kb1 Nd8 43. h4 Nc6 44. Nc1 Nd8 45. Ne2 Nc6 46. Kc2 Nd8 47. Kd3 Nc6 48. h5 gxh5 49. gxh5 Rxg2 50. Rxg2 Rg8 51. Rxg8 Kxg8 52. Ng3 Kf7 53. Ne1 Ke8 54. Nc2 Kd7 55. a4 Na5 56. Na1 Kc6 57. Kc2 Nb7 58. Kb2 Bh4 59. Nf1 Be1 60. Nc2 Bc3+ 61. Ka2 Na5 62. Ng3 Kd7 63. Nf1 Ke7 64. Nh2 d3 65. Ne3 Bd4 66. Nhf1 Bc3 67. Nd1 Nc6 68. Nfe3 Kd7 69. Kb1 Kc7 70. Nb2 d2 71. Nbd1 Na5 72. Kc2 Bd4 73. Nf1 Bg1 74. Nxd2 Kd7 75. Kd3 Bd4 76. Ne3 Bc3 77. Nef1 Ke7 78. Ke3 Kf7 79. Kd3 Ke7 80. Kc2 Kd7 81. Nf3 Ke7 82. Ne3 Kf7 83. Nd1 Ba1 84. Nf2 Ke7 85. Nd3 Nb7 86. Nh4 Kd7 87. Ng6 1-0


[Site "https://www.chess.com"]

[Event "Titled Tuesday Blitz March 15 Early 2022"]
[White "Johnson, Ben"]
[Black "Gubanov, Oleg"]
[WhiteFideId "2010917"]
[BlackFideId "14115115"]
[WhiteElo "2219"]
[BlackElo "2080"]
[Result "0-1"]
[Round "04"]
[TimeControl "180+1"]
[Date "2022.03.15"]
[WhiteClock "0:00:06"]
[BlackClock "0:00:42"]

1. Nf3 Nf6 2. c4 e6 3. b3 d5 4. e3 Be7 5. Bb2 O-O 6. Nc3 b6 7. cxd5 exd5 8. d4 c5 9. Bd3 Ba6 10. O-O Bxd3 11. Qxd3 Nc6 12. Rac1 Nb4 13. Qb1 Rc8 14. Rfd1 c4 15. a3 Nd3 16. Rxd3 cxd3 17. Qxd3 Qd7 18. Ne5 Qe6 19. f3 Bd6 20. f4 Ne4 21. Nxe4 Rxc1+ 22. Bxc1 dxe4 23. Qc4 Rc8 24. Qf1 Bxe5 25. fxe5 Qxb3 26. Bd2 g6 27. h4 Rc2 28. Bb4 Qxe3+ 29. Kh2 Qe2 30. Qg1 Qg4 31. Be7 e3 32. d5 Qf4+ 33. Kh3 Qxe5 34. d6 e2 35. Qe1 Rc3+ 36. g3 Rxg3+ 37. Qxg3 Qxg3+ 38. Kxg3 e1=Q+ 39. Kf4 Qe6 0-1


[Site "https://www.chess.com"]

[Event "Titled Tuesday Blitz March 15 Early 2022"]
[White "Jumabayev, Rinat"]
[Black "Jaferian, Koosha"]
[WhiteFideId "13702661"]
[BlackFideId "12507440"]
[WhiteElo "2561"]
[BlackElo "2030"]
[Result "1-0"]
[Round "04"]
[TimeControl "180+1"]
[Date "2022.03.15"]
[WhiteClock "0:00:31"]
[BlackClock "0:00:03"]

1. d4 Nf6 2. c4 e6 3. Nf3 b6 4. g3 Ba6 5. b3 Bb4+ 6. Bd2 Be7 7. Bg2 c6 8. O-O O-O 9. Qc2 d5 10. Rd1 Nbd7 11. Bf4 Rc8 12. Nc3 Nh5 13. Bc1 f5 14. e3 Bd6 15. Ne2 Nhf6 16. a4 Ne4 17. Ba3 Bxa3 18. Rxa3 Qe7 19. Raa1 Rfd8 20. a5 b5 21. c5 Rb8 22. b4 Bc8 23. a6 Ndf6 24. Ne5 Bd7 25. Nf4 Ng5 26. Re1 Nf7 27. Nfd3 Nxe5 28. Nxe5 Be8 29. f3 Qc7 30. Qb3 Nd7 31. Nd3 Bf7 32. Qc3 Re8 33. e4 dxe4 34. fxe4 fxe4 35. Bxe4 Nf6 36. Ne5 Nd5 37. Qd2 Rbd8 38. Rad1 Rf8 39. Rf1 Rc8 40. Rde1 Qe7 41. Bxd5 cxd5 42. Qd3 Qe8 43. Rf4 Bg6 44. Rxf8+ Qxf8 45. Nxg6 hxg6 46. Qxg6 Rc6 47. Rxe6 Rc7 48. Re8 1-0


[Site "https://www.chess.com"]

[Event "Titled Tuesday Blitz March 15 Early 2022"]
[White "Kamsky, Gata"]
[Black "Pajeken, Jakob Leon"]
[WhiteFideId "2000024"]
[BlackFideId "12942839"]
[WhiteElo "2645"]
[BlackElo "2351"]
[Result "1-0"]
[Round "04"]
[TimeControl "180+1"]
[Date "2022.03.15"]
[WhiteClock "0:00:59"]
[BlackClock "0:00:03"]

1. e4 e5 2. Nf3 Nc6 3. Bb5 a6 4. Ba4 Nf6 5. O-O Be7 6. Re1 b5 7. Bb3 d6 8. c3 O-O 9. d4 Bg4 10. d5 Na5 11. Bc2 c6 12. h3 Bc8 13. dxc6 Qc7 14. Nbd2 Qxc6 15. Nf1 Be6 16. Ng5 Bd7 17. Ng3 h6 18. Nf3 Rfe8 19. Nh4 Rac8 20. a3 Nc4 21. Nhf5 Bf8 22. a4 b4 23. b3 Nb6 24. c4 Be6 25. Qf3 Nbd7 26. Bd2 a5 27. Rad1 Kh7 28. Nf1 g6 29. N5e3 Bg7 30. Bc1 Nc5 31. Nd5 Bxd5 32. exd5 Qc7 33. g4 e4 34. Qf4 Qd7 35. Ng3 Re5 36. Bb2 g5 37. Qd2 Re7 38. Nf5 Ree8 39. Nxg7 Kxg7 40. f3 exf3 41. Qd4 Re5 42. Rxe5 dxe5 43. Qxe5 Qd8 44. Rf1 Nd7 45. Qd4 Qb6 46. Qxb6 Nxb6 47. Rxf3 Nd7 48. Bf5 1-0


[Site "https://www.chess.com"]

[Event "Titled Tuesday Blitz March 15 Early 2022"]
[White "Kanyamarala, Tarun"]
[Black "Farmani Anosheh, Armin"]
[WhiteFideId "45004714"]
[BlackFideId "24613240"]
[WhiteElo "2075"]
[BlackElo "2289"]
[Result "1-0"]
[Round "04"]
[TimeControl "180+1"]
[Date "2022.03.15"]
[WhiteClock "0:00:05"]
[BlackClock "0:00:01"]

1. d4 Nf6 2. Bf4 d5 3. e3 c5 4. c3 Nc6 5. Nd2 e6 6. Ngf3 cxd4 7. exd4 Nh5 8. Bg5 f6 9. Be3 Bd6 10. g3 O-O 11. Be2 f5 12. Nh4 f4 13. Bxh5 fxe3 14. fxe3 Qg5 15. Qe2 e5 16. O-O-O g6 17. Bf3 e4 18. Bg2 Bg4 19. Qb5 Bxd1 20. Rxd1 Ne7 21. Bxe4 a6 22. Qd7 Rad8 23. Qe6+ Kh8 24. Bc2 Rf6 25. Qh3 Qxe3 26. Kb1 Kg7 27. Nb3 Rf2 28. Nc1 Rdf8 29. Qd7 R8f6 30. Nd3 Rxh2 31. Ne5 Qxg3 32. Nhf3 Rf2 33. Rg1 Qf4 34. a3 Rxf3 35. Nxf3 Qxf3 36. Re1 Kf7 37. Qxb7 Re6 38. Rg1 Qf2 39. Rc1 Re1 40. Qxa6 Rxc1+ 41. Kxc1 Qe1+ 42. Bd1 Bf4+ 43. Kc2 Qd2+ 44. Kb1 Qxd1+ 45. Ka2 Qf3 46. a4 Qe3 47. a5 Qe6 48. Qb7 Qc8 49. Qb5 Qc7 50. a6 Nc8 51. b4 Nb6 52. Qc5 1-0


[Site "https://www.chess.com"]

[Event "Titled Tuesday Blitz March 15 Early 2022"]
[White "Kanyamarala, Trisha"]
[Black "Al-Tarboush, Ward"]
[WhiteFideId "45004722"]
[BlackFideId "7601450"]
[WhiteElo "2047"]
[BlackElo "2276"]
[Result "0-1"]
[Round "04"]
[TimeControl "180+1"]
[Date "2022.03.15"]
[WhiteClock "0:00:59"]
[BlackClock "0:02:20"]

1. c4 c5 2. Nc3 Nc6 3. g3 g6 4. Bg2 Bg7 5. Nf3 Nh6 6. O-O Nf5 7. d3 O-O 8. a3 a6 9. Rb1 Rb8 10. Bd2 b5 11. cxb5 axb5 12. b4 c4 13. dxc4 bxc4 14. e4 Nfd4 15. Nxd4 Nxd4 16. a4 d6 17. b5 Be6 18. Nd5 Nb3 19. Bc3 Bxc3 20. Nxc3 Qa5 21. Qc2 Nd4 22. Qd2 Qxc3 23. Qh6 Ne2+ 24. Kh1 Qg7 25. Qe3 Nc3 26. Rb4 Na2 27. Rbb1 c3 28. Rfc1 Nxc1 29. Rxc1 Rfc8 30. Bf1 c2 31. a5 Qb2 32. b6 Rc3 33. Qd2 Qb4 34. Rxc2 Qxe4+ 0-1


[Site "https://www.chess.com"]

[Event "Titled Tuesday Blitz March 15 Early 2022"]
[White "Kevlishvili, Robby"]
[Black "Fernandez Guillen, Ernesto J."]
[WhiteFideId "1040634"]
[BlackFideId "3512428"]
[WhiteElo "2584"]
[BlackElo "2380"]
[Result "1-0"]
[Round "04"]
[TimeControl "180+1"]
[Date "2022.03.15"]
[WhiteClock "0:00:30"]
[BlackClock "0:00:06"]

1. e4 e5 2. Nf3 Nc6 3. Bb5 f5 4. Nc3 fxe4 5. Nxe4 Nf6 6. Nxf6+ Qxf6 7. Qe2 Be7 8. Bxc6 dxc6 9. Nxe5 Bf5 10. d4 O-O-O 11. c3 g5 12. O-O h5 13. Re1 Bd6 14. Nc4 Rde8 15. Qxe8+ Rxe8 16. Rxe8+ Kd7 17. Nxd6 cxd6 18. Rg8 Bg6 19. Bd2 a6 20. Re1 Qf7 21. Rge8 Qxe8 22. Rxe8 Bxe8 23. Bxg5 Bf7 24. a3 Ke6 25. f3 Kd5 26. b3 c5 27. dxc5 dxc5 28. Kf2 Ke5 29. b4 cxb4 30. cxb4 Kd4 31. a4 Kc4 32. Be7 b6 33. Ke3 a5 34. bxa5 bxa5 35. g4 hxg4 36. fxg4 Kb3 37. h4 Kxa4 38. Kf4 Kb5 39. Kf5 Kc6 40. Kf6 Be8 41. h5 Kd5 42. h6 1-0


[Site "https://www.chess.com"]

[Event "Titled Tuesday Blitz March 15 Early 2022"]
[White "Khabinets, Ivan"]
[Black "Ilyasli, Ughur"]
[WhiteFideId "14115980"]
[BlackFideId "13416197"]
[WhiteElo "2114"]
[BlackElo "2045"]
[Result "1-0"]
[Round "04"]
[TimeControl "180+1"]
[Date "2022.03.15"]
[WhiteClock "0:01:52"]
[BlackClock "0:00:09"]

1. e4 c5 2. Be2 Nc6 3. f4 Nd4 4. Nf3 Nxe2 5. Qxe2 d5 6. d3 dxe4 7. dxe4 Nf6 8. O-O Bg4 9. Rd1 Qb6 10. Nc3 e6 11. e5 Nd7 12. Be3 Qxb2 13. Nb5 Bxf3 14. gxf3 Rc8 15. Rdb1 Qxa1 16. Rxa1 a6 17. Nc3 Be7 18. Rd1 c4 19. Ne4 b5 20. Qd2 Nf8 21. Nd6+ Bxd6 22. Qxd6 h5 23. Bc5 Rxc5 24. Qd8# 1-0


[Site "https://www.chess.com"]

[Event "Titled Tuesday Blitz March 15 Early 2022"]
[White "Khamzin, Olzhas"]
[Black "Esipenko, Andrey"]
[WhiteFideId "13701690"]
[BlackFideId "24175439"]
[WhiteElo "2194"]
[BlackElo "2617"]
[Result "0-1"]
[Round "04"]
[TimeControl "180+1"]
[Date "2022.03.15"]
[WhiteClock "0:00:13"]
[BlackClock "0:00:47"]

1. d4 Nf6 2. Nc3 d5 3. Bg5 c5 4. e3 cxd4 5. exd4 Nc6 6. Bb5 Bg4 7. Qd2 e6 8. f3 Bf5 9. g4 Bg6 10. h4 h6 11. Be3 Rc8 12. Nge2 a6 13. Bxc6+ Rxc6 14. Nf4 Bb4 15. Nxg6 fxg6 16. O-O O-O 17. Qd3 Qc7 18. Ne2 Rxc2 19. Rac1 Rxc1 20. Rxc1 Qf7 21. Nf4 Nd7 22. Nxg6 Qxf3 23. Nxf8 Qxg4+ 24. Kf1 Qf3+ 25. Kg1 Bxf8 26. Qd2 Nf6 27. Qf2 Qg4+ 28. Qg2 Qxh4 29. Bf2 Qh5 30. Rc8 Qf7 31. Bg3 Kh7 32. Be5 Be7 33. Rc7 h5 34. Qg5 Ng8 35. Qf4 Qg6+ 36. Qg3 Qh6 37. Rxb7 h4 38. Qd3+ Kh8 39. Qf3 Bf6 40. Bxf6 Nxf6 41. Rb8+ Kh7 42. Rb7 Ne4 43. Kh2 Qd2+ 44. Kh3 Ng5+ 45. Kg4 Nxf3 46. Kxf3 Qd3+ 0-1


[Site "https://www.chess.com"]

[Event "Titled Tuesday Blitz March 15 Early 2022"]
[White "Kovanova, Baira"]
[Black "Donchenko, Alexander"]
[WhiteFideId "4164083"]
[BlackFideId "24603295"]
[WhiteElo "2190"]
[BlackElo "2539"]
[Result "0-1"]
[Round "04"]
[TimeControl "180+1"]
[Date "2022.03.15"]
[WhiteClock "0:00:09"]
[BlackClock "0:01:54"]

1. e4 Nf6 2. e5 Nd5 3. d4 d6 4. c4 Nb6 5. exd6 exd6 6. Nc3 Be7 7. Nf3 Bg4 8. h3 Bh5 9. Be2 O-O 10. O-O Nc6 11. d5 Bxf3 12. Bxf3 Ne5 13. b3 Bf6 14. Bb2 Nxf3+ 15. Qxf3 a5 16. Rab1 a4 17. Nb5 Bxb2 18. Rxb2 Nd7 19. Re2 Ne5 20. Qg3 Qd7 21. f4 Ng6 22. f5 Ne5 23. f6 Ng6 24. Re7 Qd8 25. Rxc7 axb3 26. axb3 gxf6 27. Qxd6 Qe8 28. Qxf6 Ra2 29. Nd4 Qe4 30. Rf2 Qe1+ 31. Rf1 Qg3 32. Qf3 Qxc7 33. Nf5 Qe5 34. Nh6+ Kg7 35. Nxf7 Qd4+ 36. Kh1 Ra1 0-1


[Site "https://www.chess.com"]

[Event "Titled Tuesday Blitz March 15 Early 2022"]
[White "Kowalczyk, Pawel"]
[Black "Chernomordik, Pavel"]
[WhiteFideId "1130641"]
[BlackFideId "2804530"]
[WhiteElo "2344"]
[BlackElo "2249"]
[Result "1-0"]
[Round "04"]
[TimeControl "180+1"]
[Date "2022.03.15"]
[WhiteClock "0:00:48"]
[BlackClock "0:00:02"]

1. e4 g6 2. d4 Bg7 3. f4 d6 4. Nf3 c5 5. dxc5 Qa5+ 6. c3 Qxc5 7. Bd3 Nf6 8. Qe2 O-O 9. Be3 Qc7 10. O-O Nc6 11. Kh1 e5 12. f5 d5 13. Nbd2 dxe4 14. Nxe4 Bxf5 15. Nxf6+ Bxf6 16. Bxf5 gxf5 17. Bh6 e4 18. Nd2 Bg7 19. Bxg7 Kxg7 20. Rxf5 Rae8 21. Raf1 e3 22. Nc4 Qe7 23. R5f3 Qc5 24. Rxe3 Rxe3 25. Nxe3 Ne5 26. Nf5+ Kh8 27. Re1 Ng6 28. Nd4 Qd5 29. Qf3 Qxf3 30. Nxf3 Rd8 31. Nd4 Kg7 32. g3 a6 33. Kg2 Rd7 34. h4 Ne7 35. Kf3 Nc6 36. Nxc6 bxc6 37. Re2 Kf6 38. Kf4 Rd3 39. Re4 a5 40. Rc4 Rd6 41. Rc5 a4 42. a3 Ke6 43. Ke3 Kd7 44. Rc4 Rg6 45. g4 Re6+ 46. Kd3 Rd6+ 47. Kc2 Rf6 48. Rxa4 Rf2+ 49. Kb3 Kd6 50. Re4 Rh2 51. h5 f5 52. gxf5 Rxh5 53. Rf4 Ke5 54. Rc4 Kd5 55. f6 Rf5 56. Rh4 h5 57. f7 Rxf7 58. Rxh5+ Kd6 59. Rh6+ Kc5 60. a4 Kb6 61. Kb4 Rf4+ 62. c4 Rf2 63. a5+ 1-0


[Site "https://www.chess.com"]

[Event "Titled Tuesday Blitz March 15 Early 2022"]
[White "Kulkarni, Rakesh"]
[Black "Matinian, Nikita"]
[WhiteFideId "5037077"]
[BlackFideId "24129100"]
[WhiteElo "2246"]
[BlackElo "2422"]
[Result "0-1"]
[Round "04"]
[TimeControl "180+1"]
[Date "2022.03.15"]
[WhiteClock "0:00:40"]
[BlackClock "0:01:02"]

1. e4 d6 2. d4 Nf6 3. Nc3 g6 4. Be3 a6 5. f3 b5 6. Qd2 Nbd7 7. g4 c5 8. Nge2 b4 9. Nd1 Bb7 10. Nf2 Rc8 11. g5 Nh5 12. Ng3 Nxg3 13. hxg3 Bg7 14. c3 bxc3 15. bxc3 Qa5 16. Rb1 Ba8 17. Bh3 e6 18. Rd1 Ke7 19. O-O cxd4 20. cxd4 Qxd2 21. Rxd2 Rc3 22. Ng4 Rb8 23. Kf2 Nb6 24. Rb1 Nd7 25. Rxb8 Nxb8 26. Rb2 Nd7 27. Bf1 a5 28. Bb5 Nb6 29. Nf6 Bxf6 30. gxf6+ Kxf6 31. d5 Rxe3 32. Kxe3 exd5 33. Ba6 Nd7 34. Bc8 Ne5 35. Rb8 Bc6 36. exd5 Bxd5 37. a4 Bxf3 38. Rb5 Bc6 39. Rb6 Nc4+ 0-1


[Site "https://www.chess.com"]

[Event "Titled Tuesday Blitz March 15 Early 2022"]
[White "Kuzmin, Roman"]
[Black "Bogumil, Tatiana"]
[WhiteFideId "44134932"]
[BlackFideId "4110579"]
[WhiteElo "1978"]
[BlackElo "1761"]
[Result "0-1"]
[Round "04"]
[TimeControl "180+1"]
[Date "2022.03.15"]
[WhiteClock "0:00:07"]
[BlackClock "0:00:24"]

1. e4 e6 2. d4 d5 3. Nc3 dxe4 4. Nxe4 Bd7 5. Bd3 Bc6 6. Nf3 Nd7 7. O-O Ngf6 8. Nxf6+ Nxf6 9. Ne5 Bd6 10. Nxc6 bxc6 11. a3 a5 12. Be3 Nd5 13. c4 Nxe3 14. fxe3 c5 15. Qf3 O-O 16. Rad1 Qg5 17. g3 Rab8 18. Rf2 h5 19. Kg2 h4 20. Rdf1 hxg3 21. hxg3 cxd4 22. exd4 c5 23. Rh1 g6 24. d5 exd5 25. cxd5 Kg7 26. Rhf1 Rb7 27. Bc2 f6 28. Re2 Be5 29. d6 Rxb2 30. d7 Rd8 31. Ba4 Rxe2+ 32. Qxe2 Qxg3+ 33. Kh1 Rh8+ 0-1


[Site "https://www.chess.com"]